 Dungeon Crawl Stone Soup version 0.30.1-11-g7821555f0a (webtiles) character file.

Game seed: 9065194481967960120

279 ChrisAssaf the Ducker (level 6, 0/69 HPs)
             Began as a Demonspawn Gladiator on Nov 19, 2023.
             Was a Believer of Ru.
             Slain by an elf zombie (2 damage)
             ... in an ossuary.
             The game lasted 00:11:26 (2100 turns).

ChrisAssaf the Ducker (Demonspawn Gladiator)        Turns: 2100, Time: 00:11:27

Health: 0/69       AC: 23    Str: 14    XL:     6   Next: 5%
Magic:  1/8        EV:  2    Int: 12    God:    Ru [**....]
Gold:   55         SH:  0    Dex: 14    Spells: 6/7 levels left

rFire   . . .        n - +0 spear (venom)
rCold   . . .        (no shield)
rNeg    . . .        b - melded +0 leather armour
rPois   +            c - melded +0 helmet
rElec   .            (cloak currently unavailable)
rCorr   .            m - melded +2 pair of gloves
SInv    .            (boots currently unavailable)
Will    .....        (no amulet)
Stlth   ++           (no ring)
HPRegen 0.31/turn    (no ring)
MPRegen 0.11/turn

%: no passive effects
@: tree-form (expiring), hasted, very quick
A: stationary, stasis, torment immunity, boosted hp, (large bone plates 1),
powered by death 1, (spiny 1), inability to use devices
a: Renounce Religion


You were in an ossuary.
You worshipped Ru.
Ru was pleased with you.
You were a tree.
You visited 1 branch of the dungeon, and saw 4 of its levels.
You also visited: Ossuary.

You collected 55 gold pieces.

Inventory:

Hand Weapons
 a - a +0 trident
 n - a +0 spear of venom (weapon)
Missiles
 d - 2 throwing nets
Armour
 b - a +0 leather armour (melded)
 c - a +0 helmet (melded)
 m - a +2 pair of gloves (melded)
Scrolls
 e - a scroll of vulnerability {unknown}
 l - a scroll of amnesia
Potions
 f - 2 potions of degeneration
 h - 2 potions of flight


   Skills:
 * Level 2.6 Fighting
 * Level 3.3(3.5) Polearms
 * Level 1.1(2.4) Staves
 * Level 2.3 Throwing
 * Level 1.6 Armour
 * Level 3.7 Dodging
 * Level 1.4 Stealth
 * Level 1.3 Spellcasting
 * Level 1.1 Earth Magic


You had 6 spell levels left.
You knew the following spells:

 Your Spells              Type           Power      Damage    Failure   Level
a - Sandblast             Erth           6%         2d5       19%         1

Your spell library contained the following spells:

 Spells                   Type           Power      Damage    Failure   Level
 Passwall                 Tmut/Erth      1%         N/A       34%         2
 Poisonous Vapours        Pois/Air       0%         N/A       41%         2
 Stone Arrow              Conj/Erth      4%         3d7       56%         3
 Mephitic Cloud           Conj/Pois/Air  0%         N/A       65%         3
 Freezing Cloud           Conj/Ice/Air   0%         6-21      100%        5


Dungeon Overview and Level Annotations

Branches:
Dungeon (4/15)            Ossuary (1/1)
 Temple: D:4-7

Altars:
Ashenzari
Gozag
Ru
Uskayaw
Yredelemnul


Innate Abilities, Weirdness & Mutations

You are a tree.
Your roots penetrate the ground, keeping you stationary.
You cannot be teleported.
You are immune to unholy pain and torment.
Your maximum health is greatly increased.
Your equipment is partially melded.
((You are partially covered in large bone plates. (SH +4)))
You regenerate a little health from kills.
((You are partially covered in sharp spines.))
You cannot study or use magical devices.


Message History

You hit the elf zombie but do no damage.
The elf zombie is severely damaged.
You hit the elf zombie but do no damage.
The elf zombie is severely damaged.
The elf zombie hits you.
* * * LOW HITPOINT WARNING * * *
The elf zombie hits you but does no damage. x2
Unknown command.
Aiming: Sandblast (safe; 19% risk of failure)
Press: ? - help, Q - select action, (/) - cycle Shift-Dir - straight line, f - elf zombie
Aim: an elf zombie (severely damaged, 81% to hit)
The blast of sand misses the elf zombie.
The elf zombie hits you.
* * * LOW HITPOINT WARNING * * *
The elf zombie hits you.
* * * LOW HITPOINT WARNING * * *
You barely miss the elf zombie.
The elf zombie is severely damaged.
The elf zombie hits you.
* * * LOW HITPOINT WARNING * * *
Unknown command.
You hit the elf zombie.
The elf zombie is almost destroyed.
The elf zombie hits you but does no damage.
The elf zombie hits you.
* * * LOW HITPOINT WARNING * * *
Unknown command.
You closely miss the elf zombie.
The elf zombie is almost destroyed.
The elf zombie hits you but does no damage.
Unknown command.
You closely miss the elf zombie.
The elf zombie is almost destroyed.
The elf zombie hits you but does no damage.
Unknown command.
You hit the elf zombie.
The elf zombie is almost destroyed.
The elf zombie hits you but does no damage.
The elf zombie hits you.
You die...

..............
................
...............#
...............##.
..................
..Z...............
..................
.......∩.Z♣.......
.......∩.Z.Z......
..................
..................
..................
...............##.
...............#
.................
.................


You could see 3 elf zombies.

Vanquished Creatures
  An elf zombie (Ossuary)
  A human zombie (Ossuary)
  A jelly (D:4)
  2 orc wizards (D:4)
  3 hound zombies (Ossuary)
  Robin (D:2)
  An ufetubus (D:4)
  An adder zombie (Ossuary)
  2 orcs (D:4)
  3 ball pythons
  4 bats
  2 endoplasms (D:3)
  3 giant cockroaches
  10 goblins
  8 hobgoblins
  3 jackals (D:3)
  A frilled lizard (D:3)
  A hobgoblin zombie (Ossuary)
  A jackal zombie (Ossuary)
  5 kobolds
  3 rats
57 creatures vanquished.

Vanquished Creatures (others)
  A goblin (D:2)
1 creature vanquished.

Grand Total: 58 creatures vanquished

Notes
Turn   | Place    | Note
-------+----------+-------------------------------------------
     0 | D:1      | ChrisAssaf the Demonspawn Gladiator began the quest for the
                  | Orb.
     0 | D:1      | Reached XP level 1. HP: 16/16 MP: 1/1
   290 | D:1      | Gained mutation: You regenerate a little health from kills.
                  | [demonic ancestry]
   290 | D:1      | Reached XP level 2. HP: 22/22 MP: 2/2
   310 | D:2      | Found a faded altar of an unknown god.
   313 | D:2      | Prayed at the altar of an unknown god.
   313 | D:2      | Became a worshipper of Ru the Awakened
   335 | D:1      | Gained mutation: You cannot study or use magical devices.
                  | [Ru sacrifice]
   335 | D:1      | Reached * piety under Ru
   335 | D:1      | Reached ** piety under Ru
   540 | D:2      | Noticed Robin
   768 | D:2      | Reached XP level 3. HP: 27/27 MP: 3/3
   937 | D:2      | Killed Robin
  1018 | D:3      | Learned a level 1 spell: Sandblast
  1355 | D:3      | Found a basalt altar of Yredelemnul.
  1364 | D:3      | Found an opulent altar of Gozag.
  1376 | D:3      | Found a broken altar of Ashenzari.
  1379 | D:3      | Found a hide-covered altar of Uskayaw.
  1975 | D:4      | Gained mutation: You are partially covered in sharp spines.
                  | [demonic ancestry]
  1975 | D:4      | Reached XP level 4. HP: 33/33 MP: 4/4
  1990 | D:4      | Found a sand-covered staircase.
  2007 | D:4      | Reached skill level 1 in Stealth
  2015 | D:4      | Reached skill level 1 in Armour
  2015 | D:4      | Reached skill level 1 in Spellcasting
  2022 | D:4      | Reached XP level 5. HP: 34/39 MP: 6/6
  2032 | Ossuary  | Entered an ossuary
  2047 | Ossuary  | Reached skill level 1 in Earth Magic
  2071 | Ossuary  | HP: 2/58 [elf zombie (4)]
  2081 | Ossuary  | Reached skill level 1 in Staves
  2081 | Ossuary  | Gained mutation: You are partially covered in large bone
                  | plates. (SH +4) [demonic ancestry]
  2081 | Ossuary  | Reached XP level 6. HP: 21/46 MP: 0/8
  2097 | Ossuary  | HP: 2/69 [elf zombie (5)]
  2100 | Ossuary  | Slain by an elf zombie

Illustrated notes

Levels and vault maps discovered:
D:1:      dpeg_arrival_oval, layout_basic, minmay_misc_feat_pillars,
          minmay_split_cup_small
D:2:      layout_loops_ring, nicolae_ecumenical_oubliette, minmay_tetromino_s4,
          uniq_robin
D:3:      layout_basic, grunt_temple_overflow_cloverleaf, elyvilon_altar_1,
          chequers_serial_rivers_room_b
D:4:      layout_basic, serial_demonic, serial_demonic_e, serial_demonic_e,
          serial_demonic_e, serial_demonic_b, serial_shops,
          nicolae_take_the_stairs, gammafunk_ghost_arena,
          nicolae_ossuary_entry_monument, hangedman_decor_opposing
Ossuary:  ossuary_minmay_tomb_2a

Skill      XL: |  1  2  3  4  5 |
---------------+----------------+-----
Dodging        | 3 |  3.7
Polearms       | 3 |  3.3
Throwing       | 2 |  2.3
Stealth        | 1 |  1.4
Armour         | 1 |  1.6
Spellcasting   | 1 |  1.3
Earth Magic    | 1 |  1.1
Staves         | 1 |  1.1
Fighting       | |  2.6

Action                     |  1- 3 |  4- 6 || total
---------------------------+-------+-------++-------
  Melee: Trident           |    23 |       ||    23
         Spear             |    78 |    60 ||   138
         Punch             |     1 |       ||     1
  Throw: Javelin           |     5 |       ||     5
         Throwing net      |     2 |       ||     2
   Cast: Sandblast         |     6 |     7 ||    13
 Invoke: Sacrifice Artific |     1 |       ||     1
    Use: Scroll            |     5 |     1 ||     6
         Potion            |       |     6 ||     6
   Stab: Held in net/web   |     1 |       ||     1
         Sleeping          |     1 |       ||     1
         Distracted        |       |     1 ||     1
 Armour: Leather armour    |    62 |    52 ||   114
         Skin              |       |    45 ||    45
  Dodge: Dodged            |   113 |    65 ||   178
